 Dungeon Crawl Stone Soup version 0.32-a0-975-g85d4e5bfdb (webtiles) character file.

Game seed: 2795967890723710715

863 retardedninja the Trooper (level 7, -6/62 (64) HPs)
             Began as a Mountain Dwarf Fighter on Apr 18, 2024.
             Shot with an arrow by a centaur (10 damage)
             ... on level 6 of the Dungeon.
             The game lasted 00:04:52 (3999 turns).

retardedninja the Trooper (Mountain Dwarf Fighter)  Turns: 3999, Time: 00:04:53

HP:   -6/62 (64)    AC: 10    Str: 21    XL:     7   Next: 72%
MP:   7/7           EV:  8    Int:  8    God:
Gold: 289           SH:  6    Dex:  9    Spells: 6/6 levels left

rFire   . . .        q - +1 war axe (heavy)
rCold   . . .        u - +2 buckler {AC+3}
rNeg    . . .        b - +0 scale mail
rPois   .            (no helmet)
rElec   .            (no cloak)
rCorr   .            (no gloves)
SInv    .            (no boots)
Will    .....        (no amulet) Stlth
                     (no ring)
HPRegen 0.30/turn    (no ring)
MPRegen 0.10/turn

%: no passive effects
@: lethally poisoned (-6 -> -6), hasted, lightly drained, very quick
A: runic magic, artefact enchanting
a: no special abilities


You were on level 6 of the Dungeon.
You visited 1 branch of the dungeon, and saw 6 of its levels.

You collected 289 gold pieces.

Inventory:

Hand Weapons
 q - a +1 heavy war axe (weapon)
Armour
 b - a +0 scale mail (worn)
 u - a +2 buckler of protection (worn)
Jewellery
 k - a ring of wizardry
Wands
 s - a wand of light (6)
Scrolls
 a - a scroll of enchant weapon {unknown}
 c - 2 scrolls of identify
 h - a scroll of immolation
 i - a scroll of blinking {unknown}
 j - a scroll of enchant armour {unknown}
 l - a scroll of poison
 m - a scroll of amnesia {unknown}
 o - a scroll of silence {unknown}
 p - a scroll of fog {unknown}
 r - a scroll of noise {unknown}
 t - a scroll of summoning {unknown}
Potions
 d - 2 potions of might
 f - a potion of resistance
 n - a potion of enlightenment


   Skills:
 * Level 6.8 Fighting
 + Level 5.3 Axes
 + Level 5.4 Armour
 + Level 5.4 Shields


You had 6 spell levels left.
You didn't know any spells.
Your spell library contained the following spells:

 Spells                   Type           Power      Damage    Failure   Level
 Magic Dart               Conj           0%         1d3       54%         1
 Blink                    Tloc           0%         N/A       69%         2
 Call Imp                 Summ           0%         N/A       69%         2


Dungeon Overview and Level Annotations

Branches:
Dungeon (7/15)
 Temple: D:4-7

Altars:
Nemelex Xobeh
Vehumet

Shops:
D:2 (

Annotations:
D:3 2 transporters, Doublefister's ghost, amateur CoGl


Innate Abilities, Weirdness & Mutations

Your spellcasting is much less encumbered by armour.
You can use scrolls of enchantment on lesser artefacts.


Message History

You are too injured to fight recklessly!
You are too injured to fight recklessly!
You are too injured to fight recklessly!
You are too injured to fight recklessly!
You are too injured to fight recklessly!
You are too injured to fight recklessly!
You are too injured to fight recklessly!
You miss the water moccasin.
The water moccasin is lightly wounded.
You feel extremely sick. You block the water moccasin's attack.
The water moccasin completely misses you.
The water moccasin bites you.
You closely miss the water moccasin.
The water moccasin is lightly wounded.
You feel very sick. The water moccasin barely misses you.
A wight comes into view. It is wielding a +1 flail.
You block the water moccasin's attack.
You slice the water moccasin!!
You kill the water moccasin!
You feel very sick.
A wight comes into view. It is wielding a +3 falchion.
A wight comes into view. It is wielding a +3 scimitar.
You feel sick.
You see here a water moccasin corpse. 2 wights come into view.
A wight is wielding a +4 mace and wearing the +2 leather armour of Jentesun {Str+5 Int-4}.
Found a robe.
You feel sick.
A centaur comes into view.
You feel sick.
The centaur shouts!
You hear an angry hiss.
The centaur wields a +0 orcbow.
The centaur shoots an arrow.
You block the arrow. The wight hits you with a +1 flail!
* * * LOW HITPOINT WARNING * * *
You feel drained.
* * * LOW HITPOINT WARNING * * *
It was a potion of haste.
You feel yourself speed up.
You feel sick.
The centaur shoots an arrow.
The arrow hits you!
You die...

†........#
##.###
......##...
#..|#
...........#
###.#
.......###.#
#.## . ....####
#.# #..# ..#
#####
#..#####.###...#
#.......†......#
#.......#......#
#......@z..#....
#......<...# ...
..........z# ..
#...........z z
#.......[##.z..
#........# #...
######.... .c#
#...# ..


You could see a centaur and 4 wights.

Vanquished Creatures
  Grinder (D:4)
  A water moccasin (D:6)
  A black bear (D:6)
  A centaur (D:6)
  A kobold brigand (D:7)
  A howler monkey (D:4)
  A bombardier beetle (D:4)
  2 orc priests
  A jelly (D:3)
  4 adders
  2 dart slugs
  3 ribbon worms (D:3)
  20 orcs
  8 endoplasms
  A giant cockroach (D:4)
  3 goblins
  4 hobgoblins
  7 jackals
  3 quokkas
  6 ball pythons
  4 bats
  A frilled lizard (D:2)
  10 kobolds
  6 rats
92 creatures vanquished.

Notes
Turn   | Place    | Note
-------+----------+-------------------------------------------
     0 | D:1      | retardedninja the Mountain Dwarf Fighter began the quest
                  | for the Orb.
     0 | D:1      | Reached XP level 1. HP: 19/19 MP: 1/1
    77 | D:1      | Found a faded altar of an unknown god.
   314 | D:1      | Reached XP level 2. HP: 26/26 MP: 2/2
   917 | D:2      | Reached XP level 3. HP: 31/33 MP: 3/3
  1068 | D:2      | Reached skill level 4 in Fighting
  1070 | D:2      | Reached XP level 4. HP: 7/40 MP: 4/4
  1680 | D:2      | Found Huwos's Weapon Shop.
  1747 | D:3      | Found a transporter.
  1747 | D:3      | Noticed Doublefister's ghost (amateur CoGl)
  2034 | D:3      | Found a sparkling altar of Nemelex Xobeh.
  2198 | D:3      | Reached XP level 5. HP: 42/47 MP: 5/5
  2568 | D:3      | Found a transporter.
  2905 | D:4      | Noticed Grinder
  2906 | D:4      | Reached skill level 5 in Fighting
  2924 | D:4      | Killed Grinder
  2925 | D:4      | Reached XP level 6. HP: 28/57 MP: 6/6
  3387 | D:4      | Found a radiant altar of Vehumet.
  3387 | D:4      | You fall into a shaft and drop 3 floors!
  3406 | D:7      | Reached skill level 6 in Fighting
  3406 | D:7      | Reached skill level 5 in Armour
  3406 | D:7      | Reached XP level 7. HP: 37/63 MP: 7/7
  3420 | D:7      | Reached skill level 5 in Shields
  3947 | D:6      | Reached skill level 5 in Axes
  3997 | D:6      | Identified the +2 leather armour of Jentesun {Str+5 Int-4}
  3999 | D:6      | Shot with an arrow by a centaur

Illustrated notes

Levels and vault maps discovered:
D:1:      dpeg_arrival_pits, layout_loops_ring,
          hellmonk_ecumenical_altar_run_dry
D:2:      layout_basic, serial_shops, nicolae_shop_tiny_glass
D:3:      layout_loops_ring, nemelex_diamond_rough_becter,
          gammafunk_ghost_mausoleum
D:4:      layout_layer_cave, nicolae_overflows_in_rows,
          hangedman_decor_clover_reticule, uniq_eustachio, uniq_grinder
D:6:      layout_rooms
D:7:      wad_lake_hut, layout_basic, minmay_temple_entry_statues_fountains,
          serial_shops, shop

Skill      XL: |  1  2  3  4  5  6  7 |
---------------+----------------------+-----
Axes           | 3 4 5 |  5.3
Fighting       | 4 5 6 |  6.8
Shields        | 4 5 |  5.4
Armour         | 4 5 |  5.4

Action                     |  1- 3 |  4- 6 |  7- 9 || total
---------------------------+-------+-------+-------++-------
  Melee: War axe           |    76 |   145 |    22 ||   243
    Use: Potion            |       |     1 |     1 ||     2
         Scroll            |       |     4 |       ||     4
 Armour: Scale mail        |    65 |   157 |    49 ||   271
  Dodge: Dodged            |    59 |    73 |    25 ||   157
  Block: Buckler           |    19 |    43 |    12 ||    74
         Form:             |     1 |       |       ||     1
         Flux              |     1 |       |       ||     1

Table legend: (Time is in decaauts)
 A = Elapsed time spent in this place.
 B = Non-inter-level travel time spent in this place.
 C = Inter-level travel time spent in this place.
 D = Time resting spent in this place.
 E = Time spent auto-exploring this place.
 F = Levels seen in this place.
 G = Mean time per level.
                   A        B        C        D        E       F      G
               +--------+--------+--------+--------+--------+-----+--------+
         Total |   4133 |   4073 |     60 |    565 |   2786 |   6 |  688.8 |
       Dungeon |   4133 |   4073 |     60 |    565 |   2786 |   6 |  688.8 |
               +--------+--------+--------+--------+--------+-----+--------+

Top non-repeatable levels by time:
     D:2: 1014 daAuts
     D:3: 956 daAuts
     D:4: 766 daAuts
     D:1: 755 daAuts
     D:7: 527 daAuts
     D:6: 112 daAuts
